 Dungeon Crawl Stone Soup version 0.23.2 (webtiles) character file.

Game seed: 4699819629776676291

53 Menchi the Caller (level 3, -2/20 HPs)
             Began as a Tengu Wizard on Apr 4, 2019.
             Slain by a kobold (3 damage)
             ... on level 2 of the Dungeon.
             The game lasted 00:07:06 (1558 turns).

Menchi the Caller (Tengu Wizard)                    Turns: 1558, Time: 00:07:07

Health: -2/20      AC:  2    Str:  8    XL:     3   Next: 89%
Magic:  3/8        EV: 12    Int: 18    God:
Gold:   104        SH:  0    Dex: 10    Spells: 5/8 levels left

rFire    . . .     SeeInvis .   (no weapon)
rCold    + . .     Gourm    .   (no shield)
rNeg     . . .     Faith    .   a - +0 robe
rPois    +         Spirit   .   b - +0 hat
rElec    +         Reflect  .   (no cloak)
rCorr    .         Harm     .   (no gloves)
MR       .....     Rnd*Rage +   (boots unavailable)
Stlth    ++........             (no amulet)
HPRegen  0.06/turn              e - ring of poison resistance
MPRegen  0.11/turn              (no ring)

@: no status effects
A: beak, talons 3, berserk 1, clumsy 1, cold resistance 1, electricity
resistance
a: no special abilities


You were on level 2 of the Dungeon.
You were not hungry.

You visited 1 branch of the dungeon, and saw 2 of its levels.

You collected 104 gold pieces.

Inventory:

Armour
 a - a +0 robe (worn)
 b - a +0 hat (worn)
Jewellery
 e - a ring of poison resistance (left hand)
Scrolls
 c - a scroll of magic mapping {unknown}
 g - a scroll of fear {unknown}
 j - a scroll of identify {unknown}
 k - a scroll of enchant armour {unknown}
 l - a scroll of teleportation {unknown}
Potions
 h - a potion of haste {unknown}
 i - a potion of curing {unknown}
Comestibles
 d - 3 rations


   Skills:
 + Level 0.5 Fighting
 - Level 2.1 Dodging
 - Level 2.0 Stealth
 - Level 0.4 Unarmed Combat
 - Level 3.0 Spellcasting
 + Level 2.9 Conjurations
 * Level 3.3 Summonings
   Level 0.7 Translocations


You had 5 spell levels left.
You knew the following spells:

 Your Spells              Type           Power        Failure   Level  Hunger
a - Magic Dart            Conj           ##..         4%          1    None
b - Call Imp              Summ           ##......     6%          2    ##.....

Your spell library contained the following spells:

 Spells                   Type           Power        Failure   Level  Hunger
 Blink                    Tloc           N/A          19%         2    ##.....
 Slow                     Hex            #.......     24%         2    ##.....
 Conjure Flame            Conj/Fire      #.......     26%         3    ###....
 Mephitic Cloud           Conj/Pois/Air  #.......     32%         3    ###....


Dungeon Overview and Level Annotations

Branches:
Dungeon (2/15)

Altars:


Innate Abilities, Weirdness & Mutations

You have a beak for a mouth.
You have claws for feet.
You tend to lose your temper in combat.
You are clumsy. (Dex -2)
Your flesh is cold resistant. (rC+)
You are resistant to electric shocks. (rElec)


Message History

What are your orders? t - Shout!
Orders for allies: a - Attack new target. r - Retreat! s - Stop attacking. g - Guard the area. f - Follow me.
Anything else - Cancel.
Gang up on whom?
Press: ? - help, Dir - move target cursor, f - kobold
Aim: a kobold Attack!
Your shadow imp closely misses the kobold.
Your shadow imp gestures at the kobold.
The kobold writhes in agony.
Your shadow imp disappears in a puff of smoke!
The kobold hits you.
* * * LOW HITPOINT WARNING * * *
You hit the kobold but do no damage.
The kobold is moderately wounded.
The kobold hits you.
You die...

...............>#
##.########.........#
........)...........#
##.......))......#+##
................<#
#.............#####
....########(#
....#.(......#
.#..#@######## #..#K#
... .####..#(##.###
..........)...#
####.......#...
#.......# #.......#
#.......# #......##


You could see a kobold.

Vanquished Creatures
  Natasha (D:2)
  3 hobgoblins
  7 kobolds
  3 bats (D:1)
  3 rats
17 creatures vanquished.

Vanquished Creatures (collateral kills)
  Terence (D:2)
  A leopard gecko (D:2)
  2 hobgoblins (D:1)
  A ball python (D:1)
  A bat (D:2)
  A rat (D:2)
7 creatures vanquished.

Grand Total: 24 creatures vanquished

Notes
Turn   | Place    | Note
-------+----------+-------------------------------------------
     0 | D:1      | Menchi the Tengu Wizard began the quest for the Orb.
     0 | D:1      | Reached XP level 1. HP: 10/10 MP: 5/5
   124 | D:1      | Reached XP level 2. HP: 15/15 MP: 4/7
   128 | D:1      | Learned a level 2 spell: Call Imp
  1273 | D:2      | Noticed Natasha
  1294 | D:2      | Gained mutation: You tend to lose your temper in combat.
                  | [potion of mutation]
  1294 | D:2      | Gained mutation: You are clumsy. (Dex -2) [potion of
                  | mutation]
  1294 | D:2      | Gained mutation: Your flesh is cold resistant. (rC+)
                  | [potion of mutation]
  1294 | D:2      | Gained mutation: You are resistant to electric shocks.
                  | (rElec) [potion of mutation]
  1295 | D:2      | Killed Natasha
  1295 | D:2      | Reached XP level 3. HP: 7/19 MP: 0/8
  1516 | D:2      | Noticed Terence
  1535 | D:2      | Killed Terence
  1557 | D:2      | HP: 1/20 [kobold (4)]
  1558 | D:2      | Slain by a kobold

Skill      XL: |  1  2  3 |
---------------+----------+-----
Conjurations   | 2 |  2.9
Summonings     | 2 3 |  3.3
Fighting       | |  0.5
Dodging        | |  2.1
Stealth        | |  2.0
Unarmed Combat | |  0.4
Spellcasting   | |  3.0
Translocations | |  0.7

Action                   || total
-------------------------++-------
Melee: Unarmed           ||    40
       Kick              ||     4
       Peck              ||     8
 Cast: Magic Dart        ||    25
       Call Imp          ||     8
  Use: Potion            ||     1
  Eat: Chunk             ||     2
Armor: Robe              ||    11
Dodge: Dodged            ||    27
